 Dungeon Crawl Stone Soup version 0.27-a0-1500-g450c7e4133 (webtiles) character file.

Game seed: 16311508468365047905

67 MrSixtyFour the Ruffian (level 4, 0/35 HPs)
             Began as a Draconian Transmuter on July 7, 2021.
             Succumbed to an orc's poison
             ... on level 3 of the Dungeon.
             The game lasted 00:04:54 (2666 turns).

MrSixtyFour the Ruffian (Draconian Transmuter)      Turns: 2666, Time: 00:04:55

Health: 0/35       AC:  5    Str: 13    XL:     4   Next: 0%
Magic:  7/7        EV: 12    Int: 14    God:
Gold:   93         SH:  0    Dex: 11    Spells: 7/8 levels left

rFire    . . .     SeeInvis .     - Unarmed
rCold    . . .     Faith    .   (no shield)
rNeg     . . .     Spirit   .   (armour unavailable)
rPois    .         Reflect  .   (helmet restricted)
rElec    .         Harm     .   (no cloak)
rCorr    .         Rampage  .   (no gloves)
Will     .....                  (no boots)
Stlth    +.........             (no amulet)
HPRegen  0.11/turn              (no ring)
MPRegen  0.10/turn              (no ring)

@: lethally poisoned (0 -> -4), about to teleport
A: AC +5, unfitting armour, cold-blooded
a: no special abilities


You were on level 3 of the Dungeon.
You visited 1 branch of the dungeon, and saw 3 of its levels.

You collected 93 gold pieces.

Inventory:

Scrolls
 a - a scroll of teleportation
 b - 4 scrolls of magic mapping {unknown}


   Skills:
 + Level 1.1 Fighting
 + Level 2.0 Dodging
 + Level 0.6 Stealth
 + Level 3.7 Unarmed Combat
 + Level 2.5 Spellcasting
 * Level 0.9 Translocations
 + Level 2.5 Transmutations


You had 7 spell levels left.
You knew the following spells:

 Your Spells              Type           Power      Damage    Failure   Level
a - Beastly Appendage     Tmut           16%        N/A       9%          1

Your spell library contained the following spells:

 Spells                   Type           Power      Damage    Failure   Level
 Wereblood                Tmut           8%         N/A       12%         2
 Blink                    Tloc           N/A        N/A       22%         2
 Spider Form              Tmut/Pois      2%         N/A       38%         3
 Lesser Beckoning         Tloc           2%         N/A       41%         3
 Ice Form                 Ice/Tmut       5%         N/A       80%         4
 Manifold Assault         Tloc           4%         N/A       99%         5


Dungeon Overview and Level Annotations

Branches:
Dungeon (3/15)

Altars:
Ashenzari

Shops:
D:2 [


Innate Abilities, Weirdness & Mutations

Your plain brown scales are hard. (AC +5)
You cannot fit into any form of body armour.
You are cold-blooded and may be slowed by cold attacks.


Message History

You hit the giant cockroach but do no damage.
Your tail-slap misses the giant cockroach.
Your transformation is almost over.
You feel sick.
The giant cockroach bites you but does no damage.
You barely miss the giant cockroach.
You feel sick. The giant cockroach barely misses you.
You closely miss the giant cockroach.
You feel sick. The giant cockroach closely misses you.
You hit the giant cockroach. You claw the giant cockroach.
You kill the giant cockroach!
You feel sick.
You feel sick.
You closely miss the orc.
Your tail-slap misses the orc.
You feel sick.
You are no longer poisoned.
You hit the orc. You headbutt the orc.
The orc is severely wounded.
The orc closely misses you.
You hit the orc but do no damage. You tail-slap the orc.
The orc is almost dead.
The orc closely misses you. The orc hits you with a +0 dagger.
* * * LOW HITPOINT WARNING * * *
You hit the orc.
You kill the orc!
The orc hits you with a +1 short sword of venom.
* * * LOW HITPOINT WARNING * * *
You are lethally poisoned!
You have reached level 4!
You feel clever.
* * * LOW HITPOINT WARNING * * *
You feel sick.
Things that are here:
a +0 dagger; a +0 scale mail; an orc corpse Your horns disappear.
Your talons disappear.
* * * LOW HITPOINT WARNING * * *
You feel sick. The orc closely misses you.
You aren't carrying any potions.
As you read the scroll labelled BUAKHL ENLE, it crumbles to dust.
You feel strangely unstable.
It was a scroll of teleportation.
You die...

##.......†....##
#........##...#
##.#.######.#..#
##### #.## ##..# ..#
#.... #..###...# .#
#.... ##..##.#.## ..
#.... ##.##.#..# ##
#.#.... ##....##.###
.......###o@..###...#
#.......o##.# ###.#
...##...#####.# #.##
#....#.#
#.#####..####
#.#.....
.>.....#....#
#<.#...#
##.###..###.###
##....##
#...##<....... ##...
#..........#. ##..
#............


You could see 2 orcs.

Vanquished Creatures
  2 adders
  3 dart slugs
  An orc (D:3)
  7 bats
  2 endoplasms (D:2)
  A giant cockroach (D:3)
  6 goblins
  4 hobgoblins
  3 jackals (D:2)
  4 ball pythons (D:1)
  2 frilled lizards (D:1)
  A quokka skeleton (D:2)
  6 rats
42 creatures vanquished.

Notes
Turn   | Place    | Note
-------+----------+-------------------------------------------
     0 | D:1      | MrSixtyFour the Draconian Transmuter began the quest for
                  | the Orb.
     0 | D:1      | Reached XP level 1. HP: 16/16 MP: 3/3
   243 | D:1      | Reached XP level 2. HP: 23/23 MP: 3/5
  1369 | D:2      | Reached XP level 3. HP: 23/28 MP: 4/6
  1806 | D:2      | Found a faded altar of an unknown god.
  1854 | D:2      | Found Kuludez's Armour Shoppe.
  2403 | D:2      | Found a broken altar of Ashenzari.
  2664 | D:3      | Reached XP level 4. HP: 5/35 MP: 7/7
  2665 | D:3      | HP: 1/35 [poisoned by an orc]
  2666 | D:3      | Succumbed to an orc's poison

Illustrated notes

Levels and vault maps discovered:
D:1:      sevenhm_arrival_forest_fort_large_1, layout_loops_cross,
          hangedman_decor_peaks_small, moated_statue
D:2:      layout_rooms, basic_altar, shapermc_ecumenical_altar_ellora,
          serial_shops, nicolae_shop_crystal
D:3:      layout_rooms, jmf_multi_god_temple, serial_shops,
          nicolae_shop_behind_doors, hangedman_decor_lopped, kennysheep_nub,
          minmay_bisected

Skill      XL: |  1  2 |
---------------+-------+-----
Dodging        | 2 |  2.0
Fighting       | |  1.1
Stealth        | |  0.6
Unarmed Combat | |  3.7
Spellcasting   | |  2.5
Translocations | |  0.9
Transmutations | |  2.5

Action                   |  1- 3 |  4- 6 || total
-------------------------+-------+-------++-------
Melee: Unarmed           |   125 |       ||   125
       Kick              |    15 |       ||    15
       Headbutt          |    12 |       ||    12
       Tailslap          |     8 |       ||     8
       Punch             |     1 |       ||     1
 Cast: Beastly Appendage |    34 |       ||    34
  Use: Scroll            |       |     1 ||     1
 Stab: Sleeping          |     1 |       ||     1
Armor: Skin              |    54 |       ||    54
Dodge: Dodged            |    77 |     1 ||    78

Table legend: (Time is in decaauts)
 A = Elapsed time spent in this place.
 B = Non-inter-level travel time spent in this place.
 C = Inter-level travel time spent in this place.
 D = Time resting spent in this place.
 E = Time spent auto-exploring this place.
 F = Levels seen in this place.
 G = Mean time per level.
                   A        B        C        D        E       F      G
               +--------+--------+--------+--------+--------+-----+--------+
         Total |   2671 |   2612 |     59 |    733 |   1574 |   3 |  890.3 |
       Dungeon |   2671 |   2612 |     59 |    733 |   1574 |   3 |  890.3 |
               +--------+--------+--------+--------+--------+-----+--------+

Top non-repeatable levels by time:
     D:2: 1427 daAuts
     D:1: 1162 daAuts
     D:3: 82 daAuts
